 Dungeon Crawl Stone Soup version 0.20-a0-871-g785f14b (console) character file.

214 hittembot the Shield-Bearer (level 5, -1/47 HPs)
             Began as a Minotaur Fighter on Mar 14, 2017.
             Slain by Pikel
             ... wielding a +0 whip of flaming
              (2 damage)
             ... on level 4 of the Dungeon.
             The game lasted 00:11:15 (2554 turns).

hittembot the Shield-Bearer (Minotaur Fighter)      Turns: 2554, Time: 00:11:16

Health: -1/47      AC:  7    Str: 20    XL:     5   Next: 60%
Magic:  4/4        EV:  7    Int:  5    God:
Gold:   126        SH: 10    Dex: 11    Spells: 4/4 levels left

rFire    . . .     SeeInvis .   a - +0 war axe
rCold    . . .     Gourm    .   b - +0 scale mail
rNeg     . . .     Faith    .   c - +0 shield
rPois    .         Spirit   .   (helmet restricted)
rElec    .         Reflect  .   (no cloak)
rCorr    .         Harm     .   (no gloves)
MR       .....                  (no boots)
Stlth    ..........             (no amulet)
Regen    0.2/turn               (no ring)
MPRegen  0.1/turn               (no ring)

@: no status effects
A: retaliatory headbutt, horns 2
a: no special abilities


You were on level 4 of the Dungeon.
You were not hungry.

You visited 1 branch of the dungeon, and saw 4 of its levels.

You collected 126 gold pieces.

Inventory:

Hand Weapons
 a - a +0 war axe (weapon)
Armour
 b - a +0 scale mail (worn)
 c - a +0 shield (worn)
Jewellery
 l - a cursed amulet of inaccuracy {unknown}
Wands
 t - a wand of acid (4/15)
Scrolls
 e - 4 scrolls of enchant armour {unknown}
 k - a scroll of remove curse {unknown}
 m - a scroll of noise {unknown}
 n - a scroll of fog {unknown}
 o - a scroll of identify {unknown}
 q - 3 scrolls of amnesia {unknown}
Potions
 d - a potion of might
 h - a potion of mutation {unknown}
 j - a potion of brilliance {unknown}
 p - a potion of flight {unknown}
 s - a potion of berserk rage {unknown}
 u - a potion of lignification {unknown}
Comestibles
 f - 2 bread rations
 g - a meat ration
 i - 4 royal jellies
 r - 13 chunks of flesh


   Skills:
 + Level 4.7 Fighting
 + Level 4.4 Axes
 + Level 4.5 Armour
 + Level 0.4 Dodging
 + Level 5.0 Shields


You had 4 spell levels left.
You didn't know any spells.

Dungeon Overview and Level Annotations

Branches:
Dungeon (3/15)

Altars:
Hepliaklqana
Wu Jian

Annotations:
D:4 Pikel


Innate Abilities, Weirdness & Mutations

You reflexively headbutt those who attack you in melee.
You have a pair of horns on your head.


Message History

The slave barely misses you. You furiously retaliate!
You headbutt the slave! You block the slave's attack.
The orc wizard points at you and mumbles some strange words.
The magic dart hits you!
* * * LOW HITPOINT WARNING * * *
You slash the slave!
You kill the slave!
That felt strangely unrewarding.
You slash the orc wizard! You closely miss the slave.
You barely miss the slave. You miss the slave. You slash Pikel!
The slave hits you but does no damage. You block the orc wizard's attack.
Pikel hits you but does no damage. The slave completely misses you.
The slave hits you but does no damage. x2
Your shield and scale mail prevent you from hitting the orc wizard.
The orc wizard is severely wounded.
You barely miss the orc wizard. You hit Pikel. You slash the slave!
You closely miss the slave. x2; You block the orc wizard's attack.
Pikel hits you with a whip of flaming.
* * * LOW HITPOINT WARNING * * *
Pikel burns you.
You die...

.. # ###.###
.# ##.....##
.
#.......#.#
.#.......#.#
....._.....
#....Kpp#
#....[@p#
##...oo##
###.### ...
.... .....
.... ....


You could see Pikel, 3 slaves and 2 orc wizards.

Vanquished Creatures
  A slave (D:4)
  An ogre (D:3)
  An orc wizard (D:3)
  4 adders
  A worm (D:2)
  3 dart slugs
  2 leopard geckos (D:3)
  3 orcs (D:3)
  A ball python (D:2)
  3 giant cockroaches (D:2)
  3 goblins
  7 hobgoblins (D:2)
  A jackal (D:2)
  A quokka (D:2)
  4 bats
  2 frilled lizards
  8 kobolds
  A leopard gecko skeleton (D:4)
  5 rats
52 creatures vanquished.

Notes
Turn   | Place    | Note
-------+----------+-------------------------------------------
     0 | D:1      | hittembot the Minotaur Fighter began the quest for the Orb.
     0 | D:1      | Reached XP level 1. HP: 19/19 MP: 0/0
   275 | D:1      | You fall through a shaft!
   290 | D:2      | Reached skill level 4 in Shields
   290 | D:2      | Reached XP level 2. HP: 26/27 MP: 1/1
   698 | D:2      | Reached XP level 3. HP: 27/33 MP: 2/2
  1114 | D:2      | Found an ornate altar of the Wu Jian Council.
  2267 | D:3      | Reached XP level 4. HP: 28/40 MP: 3/3
  2346 | D:3      | Noticed an ogre
  2354 | D:3      | Killed an ogre
  2354 | D:3      | Reached skill level 5 in Shields
  2354 | D:3      | Reached XP level 5. HP: 43/47 MP: 4/4
  2546 | D:3      | You fall through a shaft!
  2546 | D:4      | Found a hazy altar of Hepliaklqana.
  2546 | D:4      | Noticed Pikel
  2546 | D:4      | Noticed a slave
  2546 | D:4      | Noticed a slave
  2546 | D:4      | Noticed a slave
  2548 | D:4      | Noticed a slave
  2553 | D:4      | Killed a slave
  2554 | D:4      | HP: 1/47 [Pikel/whip of flaming (6)]
  2554 | D:4      | Slain by Pikel

Vault maps used:
D:1:      tarquinn_simple_flora_water_c, cheibriados_altar_1
D:2:      marbit_many_paths, kennysheep_generic_room_13
D:4:      old_standard_altar, led_sif_book, lemuel_temple_firewalk_a,
          gup_sewer_entry_bubbles, first_bread, uniq_pikel

Skill      XL: |  1  2  3  4 |
---------------+-------------+-----
Shields        | 4 5 |  5.0
Armour         | 4 |  4.5
Fighting       | 4 |  4.7
Axes           | 3 4 |  4.4
Dodging        | |  0.4

Action                   |  1- 3 |  4- 6 || total
-------------------------+-------+-------++-------
Melee: War axe           |    92 |    30 ||   122
       Headbutt          |     9 |     8 ||    17
  Eat: Chunk             |     4 |     1 ||     5
Armor: Scale mail        |    36 |    17 ||    53
Dodge: Dodged            |    31 |    15 ||    46
Block: Shield            |    51 |    20 ||    71
